[ PARTIDA AOE2 · #484404448 ]
UnrankedPersas vs Armenians
[ ANÁLISIS DE REPETICIÓN · EXTRAÍDO DE LA PARTIDA GRABADA ]
Feudal
10:51
Castillos
15:23
Imperial
34:23
| APM promedio | 33.5 |
| APM pico | 54 |
| eAPM promedio | 20.4 |
| Aldeanos / militares | 125 / 67 |
Foco
⚔️ 25.2% · 🌾 74.8%
Knight ×40 · Skirmisher ×6 · Scout Cavalry ×6 · Hand Cannoneer ×6 · Mangonel ×4 · Camel Scout ×4
Feudal
8:57
Castillos
15:01
Imperial
31:55
| APM promedio | 43.5 |
| APM pico | 74 |
| eAPM promedio | 23.4 |
| Aldeanos / militares | 122 / 132 |
Foco
⚔️ 36.2% · 🌾 63.8%
Spearman ×62 · Composite Bowman ×27 · Skirmisher ×13 · Fishing Ship ×8 · Scout Cavalry ×6 · Monk ×5
Feudal
10:19
Castillos
18:21
Imperial
26:55
| APM promedio | 46.3 |
| APM pico | 123 |
| eAPM promedio | 26.1 |
| Aldeanos / militares | 180 / 339 |
Foco
⚔️ 41.3% · 🌾 58.7%
Spearman ×153 · Archer ×120 · Battle Elephant ×50 · Fishing Ship ×10 · Karambit Warrior ×8 · Trebuchet (Packed) ×8
Feudal
10:45
Castillos
16:12
Imperial
30:58
| APM promedio | 36.4 |
| APM pico | 61 |
| eAPM promedio | 25.1 |
| Aldeanos / militares | 167 / 120 |
Foco
⚔️ 33.3% · 🌾 66.7%
Knight ×106 · Trade Cart ×28 · Monk ×9 · Trebuchet (Packed) ×5 · Fishing Ship ×2
Mapa de la partida
Recursos iniciales + cada clic de construcción. Líneas = muros · curvas = relieve. ◆ oro · ⬟ piedra · ● bayas · ✦ reliquia · ◌ hueco del cierre
Tu base· Abierta — flanco sin cerrar
Base de _kuranes· Abierta — flanco sin cerrar
Base de Grumpy_Beto· Abierta — flanco sin cerrar
Base de Isaquiles· Abierta — flanco sin cerrar
Terreno inicial suavizado · ◌ = hueco del cierre detectado · pasá el cursor para detalles
Inputs por minuto
— Kerrminator - - _kuranes
Build order — Kerrminator
Primeras 150 de 330 acciones detectadas
| 0:01 | Crear | Villager (Male) |
| 0:01 | Crear | Villager (Male) |
| 0:03 | Construir | House |
| 0:04 | Construir | House |
| 0:23 | Crear | Villager (Male) |
| 0:24 | Crear | Villager (Male) |
| 0:44 | Crear | Villager (Male) |
| 0:44 | Crear | Villager (Male) |
| 1:09 | Crear | Villager (Male) |
| 1:21 | Crear | Villager (Male) |
| 1:21 | Crear | Villager (Male) |
| 1:47 | Crear | Villager (Male) |
| 1:47 | Crear | Villager (Male) |
| 2:03 | Crear | Villager (Male) |
| 2:07 | Crear | Villager (Male) |
| 2:08 | Crear | Villager (Male) |
| 2:30 | Investigar | Loom |
| 3:04 | Crear | Villager (Male) |
| 3:10 | Crear | Villager (Male) |
| 3:10 | Crear | Villager (Male) |
| 3:21 | Construir | Lumber Camp |
| 3:32 | Crear | Villager (Male) |
| 3:33 | Crear | Villager (Male) |
| 3:36 | Crear | Villager (Male) |
| 3:36 | Crear | Villager (Male) |
| 3:39 | Construir | House |
| 4:02 | Construir | House |
| 4:13 | Crear | Villager (Male) |
| 4:27 | Crear | Villager (Male) |
| 4:28 | Crear | Villager (Male) |
| 4:55 | Crear | Villager (Male) |
| 5:06 | Construir | Lumber Camp |
| 5:08 | Crear | Villager (Male) |
| 5:08 | Crear | Villager (Male) |
| 5:20 | Construir | House |
| 5:21 | Construir | House |
| 5:41 | Crear | Villager (Male) |
| 5:41 | Crear | Villager (Male) |
| 5:42 | Crear | Villager (Male) |
| 5:49 | Crear | Villager (Male) |
| 5:50 | Crear | Villager (Male) |
| 6:14 | Crear | Villager (Male) |
| 6:30 | Construir | Mill |
| 6:33 | Crear | Villager (Male) |
| 6:53 | Crear | Villager (Male) |
| 7:04 | Crear | Villager (Male) |
| 7:21 | Construir | House |
| 7:27 | Construir | Palisade Wall |
| 7:29 | Crear | Villager (Male) |
| 7:37 | Crear | Villager (Male) |
| 7:51 | Construir | Mill |
| 7:54 | Crear | Villager (Male) |
| 7:57 | Crear | Villager (Male) |
| 8:15 | Crear | Villager (Male) |
| 8:23 | Crear | Villager (Male) |
| 8:23 | Crear | Villager (Male) |
| 8:34 | Construir | Mill |
| 8:46 | Investigar | Feudal Age |
| 8:46 | Investigar | Feudal Age |
| 8:46 | Investigar | Feudal Age |
| 9:02 | Construir | Dock |
| 9:18 | Crear | Villager (Male) |
| 9:23 | Crear | Villager (Male) |
| 9:23 | Crear | Villager (Male) |
| 9:27 | Crear | Villager (Male) |
| 9:27 | Crear | Villager (Male) |
| 9:52 | Construir | Barracks |
| 10:07 | Crear | Villager (Male) |
| 10:18 | Construir | Mining Camp |
| 10:38 | Crear | Villager (Male) |
| 10:39 | Crear | Villager (Male) |
| 10:43 | Construir | Mill |
| 10:51 | Edad | Edad Feudal |
| 11:00 | Crear | Fishing Ship |
| 11:40 | Construir | Stable |
| 11:44 | Crear | Villager (Male) |
| 11:44 | Crear | Villager (Male) |
| 11:48 | Investigar | Town Watch |
| 12:05 | Crear | Villager (Male) |
| 12:12 | Construir | Market |
| 12:17 | Construir | House |
| 12:44 | Crear | Villager (Male) |
| 12:57 | Investigar | Castle Age |
| 13:15 | Investigar | Double-Bit Axe |
| 13:34 | Investigar | Wheelbarrow |
| 13:39 | Crear | Villager (Male) |
| 13:39 | Crear | Villager (Male) |
| 13:39 | Crear | Villager (Male) |
| 14:11 | Crear | Villager (Male) |
| 14:11 | Crear | Villager (Male) |
| 14:43 | Investigar | Horse Collar |
| 14:48 | Investigar | Gold Mining |
| 15:08 | Construir | Stable |
| 15:10 | Investigar | Bloodlines |
| 15:13 | Crear | Scout Cavalry |
| 15:20 | Construir | Blacksmith |
| 15:23 | Edad | Edad de los Castillos |
| 15:23 | Crear | Villager (Male) |
| 15:24 | Crear | Villager (Male) |
| 15:26 | Construir | Farm |
| 15:27 | Construir | Farm |
| 15:30 | Construir | Farm |
| 15:32 | Construir | Farm |
| 15:34 | Construir | House |
| 15:47 | Investigar | Hand Cart |
| 15:50 | Construir | House |
| 16:00 | Crear | Knight |
| 16:05 | Crear | Knight |
| 16:14 | Construir | Town Center |
| 16:43 | Crear | Knight |
| 16:44 | Crear | Knight |
| 17:01 | Crear | Villager (Male) |
| 17:05 | Construir | House |
| 17:28 | Construir | Town Center |
| 17:32 | Crear | Villager (Male) |
| 17:33 | Crear | Villager (Male) |
| 17:51 | Crear | Villager (Male) |
| 17:51 | Crear | Villager (Male) |
| 17:51 | Crear | Villager (Male) |
| 18:00 | Investigar | Bow Saw |
| 18:00 | Investigar | Bow Saw |
| 18:08 | Crear | Villager (Male) |
| 18:08 | Crear | Villager (Male) |
| 18:29 | Crear | Villager (Male) |
| 18:30 | Crear | Villager (Male) |
| 18:33 | Crear | Villager (Male) |
| 18:33 | Crear | Villager (Male) |
| 18:47 | Construir | Town Center |
| 18:50 | Crear | Villager (Male) |
| 18:52 | Construir | Farm |
| 18:53 | Construir | Farm |
| 19:30 | Crear | Villager (Male) |
| 19:49 | Construir | Town Center |
| 19:55 | Construir | Farm |
| 20:03 | Crear | Villager (Male) |
| 20:03 | Crear | Villager (Male) |
| 20:03 | Crear | Villager (Male) |
| 20:08 | Crear | Villager (Male) |
| 20:14 | Construir | Farm |
| 20:23 | Construir | Farm |
| 20:23 | Construir | Farm |
| 20:25 | Construir | Farm |
| 20:36 | Crear | Galley |
| 20:42 | Crear | Villager (Male) |
| 20:43 | Crear | Villager (Male) |
| 20:43 | Crear | Villager (Male) |
| 20:43 | Crear | Villager (Male) |
| 20:46 | Construir | Farm |
| 20:48 | Construir | Farm |
| 20:49 | Construir | Farm |
Build order — _kuranes
Primeras 150 de 478 acciones detectadas
| 0:02 | Crear | Villager (Male) |
| 0:04 | Crear | Villager (Male) |
| 0:05 | Construir | House |
| 0:07 | Construir | House |
| 0:20 | Construir | House |
| 0:28 | Crear | Villager (Male) |
| 0:28 | Crear | Villager (Male) |
| 0:45 | Investigar | Loom |
| 0:45 | Investigar | Loom |
| 0:53 | Crear | Villager (Male) |
| 1:08 | Crear | Villager (Male) |
| 1:29 | Construir | Mule Cart |
| 1:36 | Crear | Villager (Male) |
| 1:37 | Crear | Villager (Male) |
| 1:56 | Crear | Villager (Male) |
| 1:56 | Crear | Villager (Male) |
| 2:25 | Crear | Villager (Male) |
| 2:33 | Crear | Villager (Male) |
| 2:54 | Crear | Villager (Male) |
| 2:57 | Crear | Villager (Male) |
| 3:11 | Construir | House |
| 3:21 | Crear | Villager (Male) |
| 3:30 | Crear | Villager (Male) |
| 3:36 | Crear | Villager (Male) |
| 3:51 | Crear | Villager (Male) |
| 4:02 | Crear | Villager (Male) |
| 4:33 | Crear | Villager (Male) |
| 4:36 | Crear | Villager (Male) |
| 4:51 | Crear | Villager (Male) |
| 5:05 | Crear | Villager (Male) |
| 5:11 | Construir | House |
| 5:32 | Crear | Villager (Male) |
| 5:49 | Crear | Villager (Male) |
| 5:51 | Crear | Villager (Male) |
| 6:16 | Construir | Mill |
| 6:18 | Crear | Villager (Male) |
| 6:19 | Crear | Villager (Male) |
| 6:47 | Investigar | Feudal Age |
| 6:47 | Investigar | Feudal Age |
| 7:20 | Construir | Mule Cart |
| 7:24 | Crear | Villager (Male) |
| 7:25 | Crear | Villager (Male) |
| 7:40 | Crear | Villager (Male) |
| 8:04 | Crear | Villager (Male) |
| 8:13 | Construir | Barracks |
| 8:41 | Construir | House |
| 8:57 | Edad | Edad Feudal |
| 9:03 | Crear | Villager (Male) |
| 9:09 | Investigar | Double-Bit Axe |
| 9:23 | Crear | Villager (Male) |
| 9:27 | Crear | Villager (Male) |
| 9:44 | Construir | Blacksmith |
| 9:53 | Crear | Villager (Male) |
| 9:57 | Crear | Villager (Male) |
| 10:11 | Crear | Villager (Male) |
| 10:12 | Crear | Villager (Male) |
| 10:22 | Construir | Market |
| 10:24 | Construir | House |
| 10:29 | Investigar | Wheelbarrow |
| 10:39 | Construir | Palisade Wall |
| 10:45 | Construir | House |
| 10:47 | Construir | House |
| 10:56 | Crear | Spearman |
| 11:26 | Construir | House |
| 11:34 | Construir | Mill |
| 11:54 | Crear | Villager (Male) |
| 12:19 | Construir | Dock |
| 12:21 | Investigar | Castle Age |
| 12:21 | Investigar | Castle Age |
| 12:27 | Construir | Mule Cart |
| 12:33 | Construir | Mule Cart |
| 12:52 | Crear | Militia |
| 13:05 | Construir | House |
| 13:06 | Crear | Fishing Ship |
| 13:06 | Crear | Fishing Ship |
| 13:25 | Crear | Spearman |
| 13:25 | Crear | Spearman |
| 13:42 | Construir | House |
| 13:43 | Construir | House |
| 13:44 | Construir | Palisade Wall |
| 13:46 | Construir | House |
| 13:50 | Crear | Fishing Ship |
| 13:55 | Construir | House |
| 13:56 | Construir | House |
| 14:20 | Crear | Villager (Male) |
| 14:20 | Crear | Villager (Male) |
| 14:24 | Crear | Villager (Male) |
| 14:34 | Investigar | Gold Mining |
| 14:34 | Investigar | Gold Mining |
| 14:40 | Crear | Spearman |
| 14:41 | Crear | Spearman |
| 14:41 | Crear | Spearman |
| 14:41 | Crear | Spearman |
| 15:01 | Edad | Edad de los Castillos |
| 15:09 | Construir | Monastery |
| 15:15 | Construir | House |
| 15:17 | Construir | Palisade Wall |
| 15:22 | Construir | Palisade Wall |
| 15:24 | Construir | Palisade Wall |
| 15:26 | Construir | Town Center |
| 15:31 | Crear | Villager (Male) |
| 15:48 | Construir | Palisade Wall |
| 15:52 | Construir | Palisade Gate |
| 15:55 | Construir | House |
| 15:56 | Crear | Warrior Priest |
| 15:56 | Crear | Warrior Priest |
| 16:06 | Construir | Town Center |
| 16:11 | Crear | Villager (Male) |
| 16:19 | Crear | Villager (Male) |
| 16:25 | Crear | Villager (Male) |
| 16:46 | Crear | Warrior Priest |
| 17:07 | Construir | Farm |
| 17:08 | Construir | Farm |
| 17:09 | Construir | Farm |
| 17:14 | Crear | Warrior Priest |
| 17:20 | Crear | Villager (Male) |
| 17:23 | Construir | Mill |
| 17:34 | Construir | Siege Workshop |
| 17:48 | Construir | Farm |
| 17:49 | Construir | Farm |
| 17:53 | Crear | Monk |
| 18:05 | Investigar | Pikeman (upgrade) |
| 18:05 | Investigar | Pikeman (upgrade) |
| 18:05 | Investigar | Pikeman (upgrade) |
| 18:10 | Construir | Barracks |
| 18:21 | Crear | Fishing Ship |
| 18:27 | Construir | Dock |
| 18:35 | Crear | Monk |
| 18:38 | Construir | Farm |
| 18:39 | Construir | Farm |
| 18:40 | Construir | Farm |
| 18:50 | Crear | Villager (Male) |
| 18:52 | Investigar | Horse Collar |
| 18:52 | Investigar | Horse Collar |
| 18:58 | Crear | Fishing Ship |
| 18:58 | Crear | Fishing Ship |
| 19:17 | Crear | Spearman |
| 19:17 | Crear | Spearman |
| 19:30 | Construir | Barracks |
| 19:32 | Crear | Villager (Male) |
| 19:40 | Construir | Mill |
| 19:41 | Construir | Farm |
| 19:41 | Construir | Farm |
| 19:42 | Construir | Farm |
| 19:42 | Construir | Farm |
| 19:42 | Construir | Farm |
| 19:42 | Construir | Farm |
| 19:42 | Construir | Farm |
| 19:43 | Construir | Farm |
| 19:43 | Construir | Farm |
Build order — Grumpy_Beto
Primeras 150 de 617 acciones detectadas
| 0:02 | Crear | Villager (Male) |
| 0:02 | Crear | Villager (Male) |
| 0:06 | Construir | House |
| 0:07 | Construir | House |
| 0:07 | Crear | Villager (Male) |
| 0:08 | Crear | Villager (Male) |
| 0:12 | Construir | House |
| 0:13 | Construir | House |
| 1:17 | Crear | Villager (Male) |
| 1:20 | Investigar | Loom |
| 1:45 | Crear | Villager (Male) |
| 1:47 | Crear | Villager (Male) |
| 2:24 | Crear | Villager (Male) |
| 2:27 | Crear | Villager (Male) |
| 2:27 | Crear | Villager (Male) |
| 2:50 | Crear | Villager (Male) |
| 3:04 | Crear | Villager (Male) |
| 3:07 | Crear | Villager (Male) |
| 3:10 | Crear | Villager (Male) |
| 3:11 | Crear | Villager (Male) |
| 3:50 | Crear | Villager (Male) |
| 3:50 | Crear | Villager (Male) |
| 4:03 | Construir | Lumber Camp |
| 4:12 | Crear | Villager (Male) |
| 4:25 | Crear | Villager (Male) |
| 4:42 | Crear | Villager (Male) |
| 4:43 | Crear | Villager (Male) |
| 4:43 | Crear | Villager (Male) |
| 5:15 | Crear | Villager (Male) |
| 5:15 | Crear | Villager (Male) |
| 5:16 | Crear | Villager (Male) |
| 5:16 | Crear | Villager (Male) |
| 5:16 | Crear | Villager (Male) |
| 5:34 | Crear | Villager (Male) |
| 5:44 | Construir | House |
| 5:58 | Construir | Lumber Camp |
| 6:01 | Crear | Villager (Male) |
| 6:01 | Crear | Villager (Male) |
| 6:40 | Construir | Mill |
| 6:58 | Crear | Villager (Male) |
| 7:04 | Construir | House |
| 7:06 | Construir | House |
| 7:18 | Crear | Villager (Male) |
| 7:31 | Construir | Dock |
| 7:36 | Crear | Villager (Male) |
| 7:36 | Crear | Villager (Male) |
| 7:36 | Crear | Villager (Male) |
| 7:36 | Crear | Villager (Male) |
| 7:37 | Crear | Villager (Male) |
| 7:53 | Construir | House |
| 7:54 | Construir | House |
| 7:55 | Construir | House |
| 8:31 | Crear | Fishing Ship |
| 8:32 | Crear | Fishing Ship |
| 8:45 | Investigar | Feudal Age |
| 9:03 | Crear | Villager (Male) |
| 9:04 | Crear | Villager (Male) |
| 9:32 | Construir | House |
| 9:46 | Construir | Barracks |
| 9:56 | Crear | Villager (Male) |
| 9:56 | Crear | Villager (Male) |
| 9:56 | Crear | Villager (Male) |
| 9:57 | Crear | Villager (Male) |
| 10:02 | Construir | Dock |
| 10:04 | Crear | Fishing Ship |
| 10:05 | Crear | Fishing Ship |
| 10:10 | Construir | House |
| 10:19 | Edad | Edad Feudal |
| 10:38 | Construir | Archery Range |
| 10:40 | Crear | Villager (Male) |
| 10:40 | Crear | Villager (Male) |
| 10:40 | Crear | Villager (Male) |
| 10:44 | Investigar | Double-Bit Axe |
| 10:58 | Investigar | Horse Collar |
| 11:04 | Crear | Spearman |
| 11:04 | Crear | Spearman |
| 11:17 | Construir | Mining Camp |
| 11:19 | Crear | Archer |
| 11:19 | Crear | Archer |
| 11:25 | Construir | House |
| 11:30 | Crear | Spearman |
| 11:47 | Crear | Fishing Ship |
| 11:50 | Crear | Fishing Ship |
| 11:51 | Crear | Villager (Male) |
| 11:51 | Crear | Villager (Male) |
| 11:51 | Crear | Villager (Male) |
| 11:51 | Crear | Villager (Male) |
| 11:52 | Crear | Villager (Male) |
| 11:52 | Crear | Villager (Male) |
| 12:11 | Construir | Archery Range |
| 12:24 | Investigar | Gold Mining |
| 12:24 | Investigar | Gold Mining |
| 12:24 | Crear | Villager (Male) |
| 12:25 | Crear | Villager (Male) |
| 12:41 | Investigar | Tech 906 |
| 12:41 | Crear | Fishing Ship |
| 12:42 | Crear | Fishing Ship |
| 12:54 | Crear | Archer |
| 13:01 | Construir | Mining Camp |
| 13:12 | Crear | Archer |
| 13:12 | Crear | Archer |
| 13:27 | Crear | Villager (Male) |
| 13:27 | Crear | Villager (Male) |
| 13:27 | Crear | Villager (Male) |
| 13:30 | Construir | Farm |
| 13:31 | Construir | Farm |
| 13:34 | Construir | Farm |
| 13:34 | Construir | Farm |
| 13:41 | Construir | Farm |
| 13:45 | Construir | Farm |
| 13:45 | Construir | Farm |
| 13:45 | Construir | Farm |
| 13:46 | Construir | Farm |
| 13:46 | Construir | Farm |
| 13:57 | Construir | House |
| 13:58 | Construir | House |
| 13:58 | Construir | House |
| 14:04 | Construir | Farm |
| 14:10 | Crear | Archer |
| 14:10 | Crear | Archer |
| 14:10 | Crear | Archer |
| 14:10 | Crear | Archer |
| 14:10 | Crear | Archer |
| 14:21 | Crear | Spearman |
| 14:36 | Construir | House |
| 14:38 | Construir | House |
| 14:41 | Construir | House |
| 14:43 | Construir | House |
| 14:44 | Construir | House |
| 14:46 | Construir | House |
| 14:48 | Construir | House |
| 14:55 | Crear | Villager (Male) |
| 14:55 | Crear | Villager (Male) |
| 14:55 | Crear | Villager (Male) |
| 14:55 | Crear | Villager (Male) |
| 14:55 | Crear | Villager (Male) |
| 14:55 | Crear | Villager (Male) |
| 14:59 | Construir | Farm |
| 15:02 | Construir | Farm |
| 15:09 | Crear | Villager (Male) |
| 15:15 | Crear | Archer |
| 15:15 | Crear | Archer |
| 15:15 | Crear | Archer |
| 15:30 | Crear | Spearman |
| 15:31 | Crear | Spearman |
| 15:46 | Crear | Fishing Ship |
| 15:46 | Crear | Fishing Ship |
| 15:50 | Construir | Farm |
| 15:53 | Construir | Farm |
| 16:03 | Crear | Villager (Male) |
Build order — Isaquiles
Primeras 150 de 530 acciones detectadas
| 0:04 | Investigar | Loom |
| 0:04 | Crear | Villager (Male) |
| 0:04 | Crear | Villager (Male) |
| 0:05 | Crear | Villager (Male) |
| 0:06 | Construir | House |
| 0:10 | Construir | House |
| 0:18 | Crear | Villager (Male) |
| 0:28 | Construir | House |
| 0:49 | Crear | Villager (Male) |
| 1:34 | Crear | Villager (Male) |
| 1:57 | Crear | Villager (Male) |
| 1:58 | Crear | Villager (Male) |
| 1:58 | Crear | Villager (Male) |
| 2:01 | Crear | Villager (Male) |
| 2:01 | Crear | Villager (Male) |
| 2:28 | Construir | Lumber Camp |
| 2:34 | Crear | Villager (Male) |
| 2:34 | Crear | Villager (Male) |
| 2:42 | Crear | Villager (Male) |
| 2:43 | Crear | Villager (Male) |
| 3:10 | Crear | Villager (Male) |
| 3:11 | Crear | Villager (Male) |
| 3:26 | Construir | Lumber Camp |
| 3:30 | Crear | Villager (Male) |
| 3:30 | Crear | Villager (Male) |
| 3:30 | Crear | Villager (Male) |
| 3:30 | Crear | Villager (Male) |
| 3:30 | Crear | Villager (Male) |
| 3:40 | Crear | Villager (Male) |
| 3:40 | Crear | Villager (Male) |
| 3:53 | Construir | House |
| 3:57 | Construir | House |
| 4:05 | Crear | Villager (Male) |
| 4:05 | Crear | Villager (Male) |
| 4:15 | Crear | Villager (Male) |
| 4:15 | Crear | Villager (Male) |
| 4:41 | Crear | Villager (Male) |
| 4:42 | Crear | Villager (Male) |
| 4:50 | Construir | Mill |
| 4:52 | Crear | Villager (Male) |
| 5:14 | Crear | Villager (Male) |
| 5:39 | Crear | Villager (Male) |
| 5:51 | Crear | Villager (Male) |
| 5:52 | Crear | Villager (Male) |
| 5:52 | Crear | Villager (Male) |
| 6:08 | Crear | Villager (Male) |
| 6:12 | Construir | House |
| 6:13 | Construir | House |
| 6:19 | Crear | Villager (Male) |
| 6:35 | Crear | Villager (Male) |
| 6:42 | Crear | Villager (Male) |
| 6:42 | Crear | Villager (Male) |
| 6:43 | Crear | Villager (Male) |
| 6:56 | Crear | Villager (Male) |
| 6:56 | Crear | Villager (Male) |
| 7:11 | Construir | Mill |
| 7:23 | Crear | Villager (Male) |
| 7:23 | Crear | Villager (Male) |
| 7:43 | Crear | Villager (Male) |
| 7:43 | Crear | Villager (Male) |
| 7:43 | Crear | Villager (Male) |
| 7:55 | Construir | Dock |
| 8:01 | Crear | Villager (Male) |
| 8:01 | Crear | Villager (Male) |
| 8:24 | Construir | Mining Camp |
| 8:35 | Investigar | Feudal Age |
| 9:07 | Construir | House |
| 9:08 | Construir | House |
| 9:12 | Construir | House |
| 9:13 | Construir | House |
| 9:14 | Construir | House |
| 9:18 | Construir | Palisade Wall |
| 9:29 | Construir | Palisade Wall |
| 9:34 | Construir | House |
| 9:35 | Construir | House |
| 9:37 | Construir | Palisade Wall |
| 9:38 | Construir | Palisade Wall |
| 9:47 | Crear | Villager (Male) |
| 9:47 | Crear | Villager (Male) |
| 9:47 | Crear | Villager (Male) |
| 9:48 | Crear | Villager (Male) |
| 10:45 | Edad | Edad Feudal |
| 10:49 | Construir | Barracks |
| 10:52 | Crear | Villager (Male) |
| 10:54 | Investigar | Double-Bit Axe |
| 11:05 | Construir | House |
| 11:15 | Crear | Villager (Male) |
| 11:45 | Construir | Blacksmith |
| 11:47 | Construir | House |
| 11:51 | Construir | Palisade Wall |
| 11:53 | Crear | Villager (Male) |
| 11:53 | Crear | Villager (Male) |
| 11:53 | Crear | Villager (Male) |
| 11:54 | Crear | Villager (Male) |
| 11:54 | Crear | Villager (Male) |
| 12:04 | Construir | Palisade Wall |
| 12:15 | Crear | Villager (Male) |
| 12:15 | Crear | Villager (Male) |
| 12:28 | Crear | Villager (Male) |
| 12:36 | Crear | Villager (Male) |
| 12:40 | Construir | Stable |
| 12:47 | Construir | Palisade Wall |
| 12:49 | Construir | Palisade Gate |
| 12:53 | Construir | Palisade Wall |
| 12:57 | Crear | Villager (Male) |
| 12:57 | Crear | Villager (Male) |
| 12:59 | Investigar | Horse Collar |
| 13:06 | Crear | Fishing Ship |
| 13:17 | Construir | Palisade Gate |
| 13:21 | Crear | Villager (Male) |
| 13:29 | Investigar | Castle Age |
| 13:48 | Construir | Stable |
| 13:55 | Crear | Villager (Male) |
| 13:57 | Crear | Villager (Male) |
| 14:16 | Investigar | Forging |
| 14:23 | Construir | Farm |
| 14:25 | Construir | Farm |
| 14:29 | Construir | Farm |
| 14:29 | Construir | Farm |
| 14:31 | Construir | Farm |
| 14:34 | Construir | Farm |
| 14:35 | Crear | Villager (Male) |
| 14:42 | Construir | Palisade Wall |
| 14:57 | Construir | Palisade Gate |
| 14:59 | Crear | Villager (Male) |
| 15:00 | Crear | Villager (Male) |
| 15:09 | Construir | House |
| 15:12 | Construir | House |
| 15:13 | Construir | House |
| 15:15 | Construir | House |
| 15:19 | Construir | Palisade Wall |
| 15:21 | Crear | Villager (Male) |
| 15:21 | Crear | Villager (Male) |
| 15:46 | Construir | Farm |
| 15:47 | Construir | Farm |
| 15:48 | Construir | Farm |
| 15:50 | Construir | Farm |
| 15:51 | Construir | Farm |
| 15:53 | Construir | Farm |
| 15:54 | Construir | Farm |
| 16:01 | Crear | Villager (Male) |
| 16:12 | Edad | Edad de los Castillos |
| 16:15 | Construir | Palisade Wall |
| 16:18 | Investigar | Bow Saw |
| 16:21 | Investigar | Heavy Plow |
| 16:27 | Construir | Town Center |
| 16:29 | Crear | Villager (Male) |
| 16:29 | Crear | Villager (Male) |
| 16:29 | Crear | Villager (Male) |
| 16:36 | Crear | Knight |
Cronología de la partida
| 7:27 | Kerrminator · wall_segment Palisade Wall x2 |
| 7:31 | Grumpy_Beto · first_building Dock |
| 7:55 | Isaquiles · first_building Dock |
| 8:13 | _kuranes · first_building Barracks |
| 8:57 | _kuranes · age_up feudal |
| 9:02 | Kerrminator · first_building Dock |
| 9:18 | Isaquiles · wall_segment Palisade Wall x8 |
| 9:29 | Isaquiles · wall_segment Palisade Wall x10 |
| 9:37 | Isaquiles · wall_segment Palisade Wall x3 |
| 9:38 | Isaquiles · wall_segment Palisade Wall x5 |
| 9:46 | Grumpy_Beto · first_building Barracks |
| 9:52 | Kerrminator · first_building Barracks |
| 10:19 | Grumpy_Beto · age_up feudal |
| 10:38 | Grumpy_Beto · first_building Archery Range |
| 10:39 | _kuranes · wall_segment Palisade Wall x7 |
| 10:45 | Isaquiles · age_up feudal |
| 10:49 | Isaquiles · first_building Barracks |
| 10:51 | Kerrminator · age_up feudal |
| 11:38 | _kuranes · first_market_buy 100 food |
| 11:40 | Kerrminator · first_building Stable |
| 11:42 | _kuranes · first_market_sell 100 wood |
| 11:51 | Isaquiles · wall_segment Palisade Wall x5 |
| 12:04 | Isaquiles · wall_segment Palisade Wall x13 |
| 12:19 | _kuranes · first_building Dock |
| 12:40 | Isaquiles · first_building Stable |
| 12:47 | Isaquiles · wall_segment Palisade Wall x9 |
| 12:53 | Isaquiles · wall_segment Palisade Wall x3 |
| 13:44 | _kuranes · wall_segment Palisade Wall x1 |
| 14:42 | Isaquiles · wall_segment Palisade Wall x9 |
| 15:01 | _kuranes · age_up castle |
| 15:09 | _kuranes · first_building Monastery |
| 15:17 | _kuranes · wall_segment Palisade Wall x6 |
| 15:19 | Isaquiles · wall_segment Palisade Wall x3 |
| 15:22 | _kuranes · wall_segment Palisade Wall x1 |
| 15:23 | Kerrminator · age_up castle |
| 15:24 | _kuranes · wall_segment Palisade Wall x3 |
| 15:48 | _kuranes · wall_segment Palisade Wall x4 |
| 16:12 | Isaquiles · age_up castle |
| 16:15 | Isaquiles · wall_segment Palisade Wall x3 |
| 17:34 | _kuranes · first_building Siege Workshop |
| 18:21 | Grumpy_Beto · age_up castle |
| 18:38 | Kerrminator · first_market_buy 100 stone |
| 19:58 | Isaquiles · first_market_buy 100 wood |
| 20:51 | Isaquiles · first_building Castle |
| 21:58 | Isaquiles · first_building Monastery |
| 23:34 | Kerrminator · first_building Siege Workshop |
| 24:04 | Isaquiles · first_building Siege Workshop |
| 24:10 | Grumpy_Beto · first_building Siege Workshop |
| 24:29 | _kuranes · first_building Castle |
| 26:55 | Grumpy_Beto · age_up imperial |
| 28:11 | Grumpy_Beto · first_building Castle |
| 29:19 | _kuranes · first_building Archery Range |
| 30:22 | Kerrminator · first_building Castle |
| 30:58 | Isaquiles · age_up imperial |
| 31:55 | _kuranes · age_up imperial |
| 33:26 | Kerrminator · first_building Archery Range |
| 34:15 | Grumpy_Beto · first_building Stable |
| 34:16 | Isaquiles · wall_segment Stone Wall x9 |
| 34:23 | Kerrminator · age_up imperial |
| 34:51 | Isaquiles · first_market_sell 100 wood |
| 35:52 | _kuranes · first_building Stable |
| 38:47 | Kerrminator · wall_segment Stone Wall x1 |
| 40:08 | Isaquiles · wall_segment Stone Wall x8 |
| 40:57 | Kerrminator · resign |
| 42:05 | Grumpy_Beto · first_market_sell 100 wood |
[ ANÁLISIS IA · 1 CRÉDITO ]
¿Qué pasó realmente en esta partida?
Wolo.gg analiza cada decisión: build order, eco, micro, errores típicos por bracket. Análisis personalizado por WhatsApp o Discord en 30 segundos.
Guía civ
Persas
Perfil
Jugador #4587302